 Dungeon Crawl Stone Soup version 0.31-a0-858-g469dc525a8 (webtiles) character file.

Game seed: 16508636719712308503

2027 BinkBink the Trooper (level 9, 0/79 HPs)
             Began as a Ghoul Fighter on Oct 9, 2023.
             Slain by a wight
             ... wielding a +0 scimitar
              (13 damage)
             ... on level 6 of the Dungeon.
             The game lasted 00:07:18 (6017 turns).

BinkBink the Trooper (Ghoul Fighter)                Turns: 6017, Time: 00:07:19

Health: 0/79       AC: 12    Str: 24    XL:     9   Next: 23%
Magic:  8/8        EV:  6    Int:  3    God:
Gold:   267        SH:  8    Dex:  8    Spells: 8/8 levels left

rFire   . .          .
                       - Unarmed
rCold   + . .        e - +0 kite shield
rNeg    + + +        i - +0 plate armour
rPois   ∞            (no helmet)
rElec   .            (no cloak)
rCorr   .            (no gloves)
SInv    .            (no boots)
Will    .....        (no amulet) Stlth
                     (no ring)
HPRegen 0.00/turn    (no ring)
MPRegen 0.11/turn

%: no passive effects
@: inhibited regen
A: claws 1, cold resistance 1, negative energy resistance 3, inhibited
regeneration, torment resistance 2, devour on kill
a: no special abilities


You were on level 6 of the Dungeon.
You visited 1 branch of the dungeon, and saw 6 of its levels.

You collected 267 gold pieces.

Inventory:

Armour
 e - a +0 kite shield (worn)
 i - a +0 plate armour (worn)
Jewellery
 r - an amulet of reflection
Scrolls
 a - 4 scrolls of identify {unknown}
 f - 2 scrolls of fear {unknown}
 h - 4 scrolls of teleportation {unknown}
 k - a scroll of poison {unknown}
 l - a scroll of enchant armour {unknown}
 m - a scroll of torment {unknown}
 n - 3 scrolls of brand weapon {unknown}
 o - a scroll of immolation {unknown}
 p - a scroll of enchant weapon {unknown}
 q - a scroll of vulnerability {unknown}
Potions
 b - 3 potions of curing {unknown}
 c - a potion of might
 d - a potion of haste {unknown}
 g - a potion of attraction {unknown}
 j - a potion of heal wounds


   Skills:
 + Level 7.3 Fighting
 + Level 6.0 Armour
 + Level 6.0 Shields
 + Level 6.8 Unarmed Combat


You had 8 spell levels left.
You didn't know any spells.
Your spell library contained the following spells:

 Spells                   Type           Power      Damage    Failure   Level
 Sandblast                Erth           0%         2d4       100%        1
 Slow                     Hex            0%         N/A       100%        1
 Blink                    Tloc           0%         N/A       100%        2
 Lesser Beckoning         Tloc           0%         N/A       100%        2
 Momentum Strike          Conj/Tloc      0%         3d8       100%        2
 Passwall                 Tmut/Erth      0%         N/A       100%        2
 Confusing Touch          Hex            0%         N/A       100%        3
 Sigil of Binding         Hex            0%         N/A       100%        3
 Stone Arrow              Conj/Erth      0%         3d7       100%        3
 Vampiric Draining        Necr           0%         2d6       100%        3
 Brom's Barrelling Bould  Conj/Erth      0%         2d3       100%        4


Dungeon Overview and Level Annotations

Branches:
Dungeon (6/15)
 Temple: D:4-7

Altars:
Makhleb

Shops:
D:1 (


Innate Abilities, Weirdness & Mutations

You are immune to poison.
You have sharp fingernails.
Your flesh is cold resistant. (rC+)
You are immune to negative energy. (rN+++)
You do not regenerate when monsters are visible.
You are immune to unholy pain and torment.
You thrive by killing the living.


Message History

You claw the wight!
The wight is severely damaged.
The wight hits you with a +0 flail.
You scratch the wight but do no damage.
The wight is severely damaged.
The wight hits you but does no damage.
You scratch the wight.
You destroy the wight!
You barely miss the wight.
The wight hits you with a +2 great sword of electrocution!
You claw the wight!
The wight is severely damaged.
You block the wight's attack.
You barely miss the wight.
The wight is severely damaged.
The wight hits you but does no damage.
You are electrocuted!
* * * LOW HITPOINT WARNING * * *
You scratch the wight.
The wight is almost destroyed.
You block the wight's attack.
You closely miss the wight.
The wight is almost destroyed.
The wight barely misses you.
You closely miss the wight.
The wight is almost destroyed.
The wight barely misses you.
You closely miss the wight.
The wight is almost destroyed.
You block the wight's attack.
You scratch the wight.
You destroy the wight!
Your Armour skill increases to level 6!
Your Shields skill increases to level 6!
Unknown command.
You claw the wight!
You destroy the wight!
You claw the wight!
The wight is severely damaged.
The wight hits you with a +0 scimitar!
You die...

#...............#
#.............#...#
##......###.#####...##
##...#.# #.## #.........
#...###.# #..#####..........
..## #.###........#........
. #........#.....$......
..######.#####.#.###........
...........@z....$..........
..######...##....###.zz....#
...####..#..#.#..###.##
.#...#..###.#.##......##..
........###...####..#.....#
...........................
....................#####...
.......†...##...#....... ..
..................#...... .


You could see a wight.

Vanquished Creatures
  Sigmund (D:4)
  3 water moccasins (D:4)
  2 ice beasts
  A gnoll sergeant (D:5)
  2 scorpions (D:4)
  4 wights (D:6)
  4 hounds
  4 jellies
  A gnoll bouda (D:5)
  3 orc priests
  An iguana (D:5)
  8 orc wizards
  Natasha (twice) (D:4)
  9 gnolls
  18 adders
  A white imp (D:6)
  An ufetubus (D:5)
  A worm (D:4)
  5 dart slugs
  15 orcs
  4 endoplasms
  3 giant cockroaches
  17 goblins
  6 hobgoblins
  4 quokkas
  9 ball pythons
  4 bats
  A frilled lizard (D:2)
  5 kobolds
  4 rats
143 creatures vanquished.

Notes
Turn   | Place    | Note
-------+----------+-------------------------------------------
     0 | D:1      | BinkBink the Ghoul Fighter began the quest for the Orb.
     0 | D:1      | Reached XP level 1. HP: 19/19 MP: 0/0
   101 | D:1      | Found a faded altar of an unknown god.
   280 | D:1      | Reached XP level 2. HP: 26/26 MP: 1/1
   640 | D:1      | Found Noilop's Weapon Boutique.
   944 | D:2      | Reached XP level 3. HP: 28/31 MP: 2/2
  1295 | D:2      | Reached XP level 4. HP: 38/40 MP: 3/3
  1496 | D:2      | Reached skill level 4 in Fighting
  1883 | D:3      | Reached XP level 5. HP: 46/46 MP: 4/4
  2626 | D:3      | Reached XP level 6. HP: 49/53 MP: 5/5
  2764 | D:4      | Found a burning altar of Makhleb.
  2847 | D:4      | Noticed Sigmund
  2851 | D:4      | Noticed Natasha
  2875 | D:4      | Killed Sigmund
  2876 | D:4      | Reached skill level 5 in Fighting
  2876 | D:4      | Killed Natasha
  2877 | D:4      | Reached XP level 7. HP: 14/61 MP: 6/6
  3709 | D:4      | Noticed Natasha
  3720 | D:4      | Killed Natasha
  3721 | D:4      | Reached skill level 5 in Unarmed Combat
  4021 | D:4      | Reached XP level 8. HP: 65/70 MP: 7/7
  4045 | D:4      | Reached skill level 6 in Fighting
  4137 | D:5      | Entered Level 5 of the Dungeon
  4141 | D:5      | Reached skill level 5 in Armour
  4187 | D:5      | Reached skill level 5 in Shields
  5531 | D:5      | Reached XP level 9. HP: 26/78 MP: 8/8
  5954 | D:6      | Reached skill level 7 in Fighting
  6017 | D:6      | Slain by a wight

Illustrated notes

Levels and vault maps discovered:
D:1:      reono_arrival_mine, layout_loops_corners, basic_ecumenical_altar,
          serial_shops, shop
D:2:      cheibrodos_greedy_goblins, layout_loops_corners
D:3:      layout_basic
D:4:      minmay_chambers_of_twos, layout_loops_ring, bloody_makhleb,
          uniq_sigmund, uniq_natasha
D:5:      layout_cave_pools
D:6:      layout_rooms, minmay_temple_entry_offerings

Skill      XL: |  1  2  3  4  5  6  7  8  9 |
---------------+----------------------------+-----
Armour         | 3 4 5 6 |  6.0
Shields        | 3 4 5 6 |  6.0
Unarmed Combat | 3 4 5 6 |  6.8
Fighting       | 4 5 6 7 |  7.3

Action                     |  1- 3 |  4- 6 |  7- 9 || total
---------------------------+-------+-------+-------++-------
  Melee: Unarmed           |    95 |   165 |   334 ||   594
    Use: Potion            |       |     1 |       ||     1
 Armour: Scale mail        |    18 |       |       ||    18
         Plate armour      |    44 |   139 |   319 ||   502
  Dodge: Dodged            |    28 |    30 |    66 ||   124
  Block: Buckler           |     2 |       |       ||     2
         Kite shield       |    21 |    50 |   146 ||   217

Table legend: (Time is in decaauts)
 A = Elapsed time spent in this place.
 B = Non-inter-level travel time spent in this place.
 C = Inter-level travel time spent in this place.
 D = Time resting spent in this place.
 E = Time spent auto-exploring this place.
 F = Levels seen in this place.
 G = Mean time per level.
                   A        B        C        D        E       F      G
               +--------+--------+--------+--------+--------+-----+--------+
         Total |   6045 |   5865 |    180 |    574 |   4106 |   6 | 1007.5 |
       Dungeon |   6045 |   5865 |    180 |    574 |   4106 |   6 | 1007.5 |
               +--------+--------+--------+--------+--------+-----+--------+

Top non-repeatable levels by time:
     D:4: 2298 daAuts
     D:2: 963 daAuts
     D:1: 920 daAuts
     D:3: 889 daAuts
     D:5: 878 daAuts
     D:6: 95 daAuts
